 Dungeon Crawl Stone Soup version 0.29-a0-371-g91724d5b39 (webtiles) character file.

Game seed: 8781720599010074245

91 garrulousMonolith the Magician (level 4, -1/32 HPs)
             Began as a Gnoll Hedge Wizard on May 3, 2022.
             Slain by Sigmund
             ... wielding a +0 scythe
              (11 damage)
             ... on level 3 of the Dungeon.
             The game lasted 00:02:43 (2758 turns).

garrulousMonolith the Magician (Gnoll Hedge Wizard) Turns: 2758, Time: 00:02:44

Health: -1/32      AC:  3    Str:  9    XL:     4   Next: 59%
Magic:  8/13       EV: 12    Int: 15    God:
Gold:   143        SH:  0    Dex: 12    Spells: 9/17 levels left

rFire   . . .      SeeInvis .   f - +3 hand axe (venom)
rCold   . . .      Faith    .   (no shield)
rNeg    . . .      Spirit   .   i - +0 leather armour
rPois   .          Reflect  .   c - +0 hat
rElec   .          Harm     .   (no cloak)
rCorr   .          Rampage  .   (no gloves)
Will    .....                   (no boots)
Stlth   ++........              (no amulet)
HPRegen 0.10/turn               (no ring)
MPRegen 0.13/turn               (no ring)

@: very slightly contaminated
A: fangs 1, strong nose, distributed training
a: no special abilities


You were on level 3 of the Dungeon.
You visited 1 branch of the dungeon, and saw 3 of its levels.

You collected 143 gold pieces.

Inventory:

Hand Weapons
 a - a +0 dagger
 f - a +3 hand axe of venom (weapon)
 l - a +0 spear of flaming
 n - a +0 hunting sling
Missiles
 e - 78 stones
 m - 2 poisoned darts
Armour
 b - a +0 robe
 c - a +0 hat (worn)
 i - a +0 leather armour (worn)
 o - an orb of mayhem
Scrolls
 k - a scroll of vulnerability {unknown}
Potions
 d - a potion of magic
 g - a potion of resistance {unknown}
 h - 2 potions of brilliance {unknown}
 j - a potion of degeneration {unknown}
 p - a potion of haste {unknown}


   Skills:
 + Level 1.2 Fighting
 + Level 1.2 Short Blades
 + Level 1.2 Long Blades
 + Level 1.2 Axes
 + Level 1.2 Maces & Flails
 + Level 1.2 Polearms
 + Level 1.2 Staves
 + Level 1.2 Slings
 + Level 1.2 Bows
 + Level 1.2 Crossbows
 + Level 1.2 Throwing
 + Level 1.2 Armour
 + Level 4.6 Dodging
 + Level 4.3 Stealth
 + Level 1.2 Shields
 + Level 1.2 Unarmed Combat
 + Level 7.2 Spellcasting
 + Level 2.2 Conjurations
 + Level 1.0 Hexes
 + Level 2.2 Summonings
 + Level 1.0 Necromancy
 + Level 2.2 Translocations
 + Level 1.0 Transmutations
 + Level 1.0 Fire Magic
 + Level 1.0 Ice Magic
 + Level 1.0 Air Magic
 + Level 1.0 Earth Magic
 + Level 1.0 Poison Magic
 + Level 1.3 Invocations
 + Level 1.2 Evocations


You had 9 spell levels left.
You knew the following spells:

 Your Spells              Type           Power      Damage    Failure   Level
a - Magic Dart            Conj           48%        1d5       7%          1
b - Call Imp              Summ           12%        N/A       11%         2
c - Blink                 Tloc           24%        N/A       11%         2
d - Mephitic Cloud        Conj/Pois/Air  9%         N/A       30%         3

Your spell library contained the following spells:

 Spells                   Type           Power      Damage    Failure   Level
 Slow                     Hex            32%        N/A       12%         1
 Conjure Flame            Conj/Fire      10%        6-21      26%         3
 Portal Projectile        Hex/Tloc       20%        N/A       26%         3
 Ozocubu's Armour         Ice            8%         N/A       34%         3
 Blade Hands              Tmut           4%         N/A       97%         5
 Excruciating Wounds      Necr           4%         N/A       97%         5
 Metabolic Englaciation   Hex/Ice        4%         N/A       97%         5
 Simulacrum               Ice/Necr       4%         N/A       100%        6


Dungeon Overview and Level Annotations

Branches:
Dungeon (3/15)

Altars:

Shops:
D:1 *

Annotations:
D:3 Sigmund


Innate Abilities, Weirdness & Mutations

You have very sharp teeth.
Your uncanny sense of smell can sniff out nearby items.
Your experience applies equally to all skills.


Message History

Confirm with . or Enter, or press ? or * to list all spells.
Okay, then.
Casting: Magic Dart (safe; 7% risk of failure)
Confirm with . or Enter, or press ? or * to list all spells.
The spell is quite dangerous to miscast (30% risk of failure)!
Continue anyway?
Okay, then.
Okay, then.
Okay, then.
Casting: Mephitic Cloud (quite dangerous; 30% risk of failure)
Confirm with . or Enter, or press ? or * to list all spells.
You miscast Call Imp.
You are very lightly contaminated with residual magic.
Nothing appears to happen.
Casting: Call Imp (safe; 11% risk of failure)
Confirm with . or Enter, or press ? or * to list all spells.
You miscast Call Imp.
Nothing appears to happen.
An orc comes into view. It is wielding a +0 hand axe.
Sigmund closely misses you.
Casting: Call Imp (safe; 11% risk of failure)
Confirm with . or Enter, or press ? or * to list all spells.
A beastly little devil appears in a puff of frigid air.
A jackal comes into view.
Sigmund hits you from afar with a +0 scythe!
Your white imp gestures at the jackal.
The puff of frost misses the jackal.
You hit Sigmund.
Sigmund is lightly wounded.
You closely miss the jackal.
The jackal bites you but does no damage.
Sigmund casts a spell.
Sigmund flickers and vanishes!
Deactivating autopickup; reactivate with Ctrl-A.
The jackal barely misses you. Something hits you!
You closely miss something. You hit the jackal.
You kill the jackal!
You miss something. Something hits you. The jackal bites your white imp.
You hit something. You bite something.
Your white imp barely misses the jackal.
Something hits you!
You die...

#+# #.# # #?# #.
#.# ####.##.#####
......... ..#
#.#..#).# ..#
#.......##..#####
#.....h5@........
#.....o..{.......
........##..####.
#.......# .....
#........ ..###..
#..#....# #.#
........# .#
...... @. ##


You could see an orc, a jackal (ally target) and a friendly white imp
(summoned).

Vanquished Creatures
  3 adders (D:2)
  A dart slug (D:2)
  5 endoplasms
  3 giant cockroaches
  6 goblins
  5 hobgoblins
  12 jackals
  2 kobolds
  2 quokkas (D:2)
  7 ball pythons
  4 bats
  A frilled lizard (D:1)
  5 rats
56 creatures vanquished.

Notes
Turn   | Place    | Note
-------+----------+-------------------------------------------
     0 | D:1      | garrulousMonolith the Gnoll Hedge Wizard began the quest
                  | for the Orb.
     0 | D:1      | Reached XP level 1. HP: 13/13 MP: 8/8
   402 | D:1      | Reached XP level 2. HP: 14/19 MP: 8/10
   840 | D:1      | Found a faded altar of an unknown god.
  1075 | D:1      | Reached XP level 3. HP: 18/25 MP: 11/11
  1166 | D:1      | Found Ivail's Assorted Antiques.
  1666 | D:2      | Reached skill level 1 in Invocations
  1848 | D:2      | Reached skill level 1 in Fighting
  1848 | D:2      | Reached skill level 1 in Short Blades
  1848 | D:2      | Reached skill level 1 in Long Blades
  1848 | D:2      | Reached skill level 1 in Axes
  1848 | D:2      | Reached skill level 1 in Maces & Flails
  1848 | D:2      | Reached skill level 1 in Polearms
  1848 | D:2      | Reached skill level 1 in Staves
  1848 | D:2      | Reached skill level 1 in Slings
  1848 | D:2      | Reached skill level 1 in Bows
  1848 | D:2      | Reached skill level 1 in Crossbows
  1848 | D:2      | Reached skill level 1 in Throwing
  1848 | D:2      | Reached skill level 1 in Armour
  1848 | D:2      | Reached skill level 1 in Shields
  1848 | D:2      | Reached skill level 1 in Unarmed Combat
  1848 | D:2      | Reached skill level 1 in Evocations
  1947 | D:2      | Reached XP level 4. HP: 20/32 MP: 13/13
  1984 | D:1      | Learned a level 2 spell: Call Imp
  1987 | D:1      | Learned a level 2 spell: Blink
  1991 | D:1      | Learned a level 3 spell: Mephitic Cloud
  2648 | D:2      | Reached skill level 1 in Hexes
  2648 | D:2      | Reached skill level 1 in Necromancy
  2648 | D:2      | Reached skill level 1 in Transmutations
  2648 | D:2      | Reached skill level 1 in Fire Magic
  2648 | D:2      | Reached skill level 1 in Ice Magic
  2648 | D:2      | Reached skill level 1 in Air Magic
  2648 | D:2      | Reached skill level 1 in Earth Magic
  2648 | D:2      | Reached skill level 1 in Poison Magic
  2745 | D:3      | Noticed Sigmund
  2758 | D:3      | Slain by Sigmund

Illustrated notes

Levels and vault maps discovered:
D:1:      dpeg_arrival_rhombi, layout_loops_corners, serial_shops,
          nicolae_shop_behind_doors, basic_ecumenical_altar, hex_large,
          minmay_pentomino_q4
D:2:      layout_loops_ring, minmay_tree_intersection, minivault_4,
          kennysheep_generic_room_3
D:3:      layout_basic, mainiacjoe_overflow_brackets, nicolae_ru_awakened_eye,
          nicolae_overflow_hidden_temple, serial_shops, shop, serial_curves,
          eino_curves_04, eino_curves_03, uniq_sigmund, uniq_jessica,
          uniq_natasha

Skill      XL: |  1  2  3  4 |
---------------+-------------+-----
Conjurations   | 2 |  2.2
Summonings     | 2 |  2.2
Translocations | 2 |  2.2
Invocations    | 1 |  1.3
Fighting       | 1 |  1.2
Short Blades   | 1 |  1.2
Long Blades    | 1 |  1.2
Axes           | 1 |  1.2
Maces & Flails | 1 |  1.2
Polearms       | 1 |  1.2
Staves         | 1 |  1.2
Slings         | 1 |  1.2
Bows           | 1 |  1.2
Crossbows      | 1 |  1.2
Throwing       | 1 |  1.2
Armour         | 1 |  1.2
Shields        | 1 |  1.2
Unarmed Combat | 1 |  1.2
Evocations     | 1 |  1.2
Hexes          | 1 |  1.0
Necromancy     | 1 |  1.0
Transmutations | 1 |  1.0
Fire Magic     | 1 |  1.0
Ice Magic      | 1 |  1.0
Air Magic      | 1 |  1.0
Earth Magic    | 1 |  1.0
Poison Magic   | 1 |  1.0
Dodging        | |  4.6
Stealth        | |  4.3
Spellcasting   | |  7.2

Action                   |  1- 3 |  4- 6 || total
-------------------------+-------+-------++-------
Melee: Hand axe          |    65 |    43 ||   108
       Bite              |     4 |     4 ||     8
       Punch             |     1 |       ||     1
 Cast: Magic Dart        |    26 |       ||    26
       Call Imp          |       |     1 ||     1
 Stab: Sleeping          |     5 |     5 ||    10
Armor: Leather armour    |    12 |     8 ||    20
       Robe              |     1 |       ||     1
Dodge: Dodged            |    51 |    29 ||    80

Table legend: (Time is in decaauts)
 A = Elapsed time spent in this place.
 B = Non-inter-level travel time spent in this place.
 C = Inter-level travel time spent in this place.
 D = Time resting spent in this place.
 E = Time spent auto-exploring this place.
 F = Levels seen in this place.
 G = Mean time per level.
                   A        B        C        D        E       F      G
               +--------+--------+--------+--------+--------+-----+--------+
         Total |   2788 |   2730 |     58 |    235 |   2065 |   3 |  929.3 |
       Dungeon |   2788 |   2730 |     58 |    235 |   2065 |   3 |  929.3 |
               +--------+--------+--------+--------+--------+-----+--------+

Top non-repeatable levels by time:
     D:1: 1765 daAuts
     D:2: 1009 daAuts
     D:3: 14 daAuts
